 Dungeon Sprint DCSS version 0.22-a0-265-g0d8bc90 (webtiles) character file.

8954 Ghella the Ninja (level 11, -11/49 HPs)
             Began as a Spriggan Enchanter on Mar 7, 2018.
             Was a High Priest of Dithmenos.
             Mangled by a spriggan rider (19 damage)
             ... in the Dungeon (Sprint IV: "Fedhas' Mad Dash").
             The game lasted 00:11:49 (4337 turns).

Ghella the Ninja (Spriggan Enchanter)               Turns: 4337, Time: 00:11:51

Health: -11/49     AC:  4    Str:  4    XL:     11   Next: 16%
Magic:  12/24      EV: 18    Int: 18    God:    Dithmenos [*****.]
Gold:   40         SH:  5    Dex: 19    Spells: 14/23 levels left

rFire    + . .     SeeInvis +   a - +1 dagger
rCold    . . .     Gourm    .   l - +0 buckler
rNeg     . . .     Faith    .   d - +2 robe {rF+}
rPois    .         Spirit   .   (helmet restricted)
rElec    .         Reflect  .   (no cloak)
rCorr    .         Harm     .   (gloves unavailable)
MR       +....     NoTele   +   (boots unavailable)
Stlth    ++++++++++             c - amulet of invisibility {+Inv}
HPRegen  0.16/turn              (no ring)
MPRegen  0.19/turn              (no ring)

@: very slightly contaminated, wreathed by umbra, very quick
A: very small, unfitting armour, see invisible, herbivore, speed 3, slow
metabolism 2
a: Shadow Step, Shadow Form, Renounce Religion, Evoke Invisibility


You were in the Dungeon.
You worshipped Dithmenos.
Dithmenos was extremely pleased with you.
You were not hungry.

You visited 1 branch You collected 208 gold pieces.
You spent 168 gold pieces at shops.

Inventory:

Hand Weapons
 a - a +1 dagger (weapon)
 b - the +1 fustibalus "Zabuvap" {venom, SInv Stlth+}
   (You found it in the Dungeon)

   It poisons the ammo it fires.
   It lets you see invisible.
   It makes you more stealthy.
 m - the +12 dagger of the Asp {flame, +Fly}
   (You bought it in a shop in the Dungeon)

   It has been specially enchanted to burn those struck by it, causing extra
   injury to most foes and up to half again as much damage against particularly
   susceptible opponents.
   It lets you fly.
   Dithmenos disapproves of the use of such an item.
Armour
 d - a +2 robe of fire resistance (worn)
 l - a +0 buckler (worn)
Jewellery
 c - the amulet of invisibility (around neck) {+Inv}
   (You found it in the Dungeon)

   [amulet of nothing]

   It lets you turn invisible.
Scrolls
 e - a scroll of remove curse
 j - a scroll of blinking
 k - 2 scrolls of identify {unknown}
Potions
 g - a potion of haste
 h - 2 potions of magic
 i - a potion of brilliance {unknown}


   Skills:
 + Level 1.6 Fighting
 + Level 5.6 Short Blades
 - Level 3.0 Dodging
 O Level 27 Stealth
 + Level 6.7 Spellcasting
 + Level 10.2 Hexes
 + Level 6.1 Invocations
 + Level 16.7 Evocations


You had 14 spell levels left.
You knew the following spells:

 Your Spells              Type           Power        Failure   Level  Hunger
a - Corona                Hex            #####..      1%          1    None
b - Confuse               Hex            #####...     1%          3    ##.....
c - Ensorcelled Hibernat  Hex/Ice        ###...       3%          2    None
d - Dazzling Spray        Conj/Hex       ###...       7%          3    ##.....


Dungeon Overview and Level Annotations

Branches:
Dungeon (1/1)

Altars:
Cheibriados
Dithmenos
Elyvilon
Gozag
Hepliaklqana
Kikubaaqudgha
Makhleb
Nemelex Xobeh
Okawaru
Qazlal
Ru
Sif Muna
Trog
Uskayaw
Vehumet
Wu Jian
Xom
Yredelemnul
Zin
The Shining One
Beogh
Jiyva
Lugonu

Shops:
D (:*=%=*(


Innate Abilities, Weirdness & Mutations

You are very small and have problems with some larger weapons.
You are too small for most types of armour.
You have supernaturally acute eyesight. (SInv)
You are a herbivore.
You cover ground extremely quickly.
You need to consume almost no food.


Message History

You emit a cloud of dark smoke.
You are electrocuted!
* * * LOW HITPOINT WARNING * * *
You close the door.
You start resting.
Something unseen opens the door.
A spriggan rider is nearby!
A spriggan rider is nearby!
Casting: Confuse (safe; 1% risk of failure)
Confirm with . or Enter, or press ? or * to list all spells.
You don't know that spell.
Unknown command.
Casting: Confuse (safe; 1% risk of failure)
Confirm with . or Enter, or press ? or * to list all spells.
Aiming: Confuse (safe; 1% risk of failure)
Press: ? - help, Shift-Dir - straight line, f/p - spriggan rider
Aim: a spriggan rider, wielding the +8 storm bow {elec} (umbra, chance to defeat MR: 8%)
The spriggan rider resists with almost no effort.
The spriggan rider unwields the +8 storm bow {elec}.
It stops crackling.
The spriggan rider hits you!!
You die...

###############################
⌠._._._._.⌠.#..i§§§#.†..##∩##.#
._._._._._i.'..#@§§#....'.)##'#
.._._._._...#..###§##..)##∩#..###
._._._._._..#..##∩∩.'...#####..).
_._._._._.⌠.#################...∩
#################.....(###....)♣.
♣♣♣♣..♣.###.+.['.....[['.'..)♣..∩
....♣..♣##..#..#.P.....##########
.♣♣♣.♣).###.##+##.P....#
♣.)♣...♣+...#♣.♣########


You could see a spriggan rider.

Vanquished Creatures
  Agnes (D)
  A spriggan defender (D)
  A spriggan berserker (D)
  A spriggan druid (D)
  6 oklob plants (D)
  A demonic crawler (D)
  3 wandering mushrooms (D)
  A queen bee (D)
  3 burning bushes (D)
  A hornet (D)
  2 scorpions (D)
  4 killer bees (D)
  5 oklob saplings (D)
  A worker ant (D)
  5 spriggans (D)
  A river rat (D)
  A rat (D)
  A ballistomycete (D)
  A ballistomycete spore (D)
40 creatures vanquished.

Notes
Turn   | Place    | Note
-------+----------+-------------------------------------------
     0 | D        | Ghella the Spriggan Enchanter began the quest for the Orb.
     0 | D        | Reached XP level 1. HP: 9/9 MP: 5/5
    13 | D        | Reached skill level 6 in Stealth
    13 | D        | Reached XP level 2. HP: 12/13 MP: 7/7
   346 | D        | Noticed an oklob sapling
   347 | D        | Killed an oklob sapling
   347 | D        | Reached skill level 8 in Stealth
   347 | D        | Reached skill level 5 in Hexes
   347 | D        | Reached XP level 3. HP: 16/16 MP: 9/9
   352 | D        | Learned a level 3 spell: Confuse
   355 | D        | Learned a level 2 spell: Ensorcelled Hibernation
   357 | D        | Found the amulet of invisibility {+Inv}
   358 | D        | Reached skill level 9 in Stealth
   378 | D        | Found an opulent altar of Gozag.
   378 | D        | Found a hazy altar of Hepliaklqana.
   378 | D        | Found a burning altar of Makhleb.
   378 | D        | Found a sparkling altar of Nemelex Xobeh.
   378 | D        | Found a sacrificial altar of Ru.
   378 | D        | Found a deep blue altar of Sif Muna.
   378 | D        | Found an ornate altar of the Wu Jian Council.
   378 | D        | Found a shimmering altar of Xom.
   378 | D        | Found a basalt altar of Yredelemnul.
   382 | D        | Found a roughly hewn altar of Beogh.
   382 | D        | Found a snail-covered altar of Cheibriados.
   383 | D        | Found a viscous altar of Jiyva.
   383 | D        | Found a bloodstained altar of Trog.
   383 | D        | Noticed an oklob sapling priest
   384 | D        | Found an iron altar of Okawaru.
   384 | D        | Found a shadowy altar of Dithmenos.
   384 | D        | Found a glowing silver altar of Zin.
   385 | D        | Found an ancient bone altar of Kikubaaqudgha.
   385 | D        | Found a hide-covered altar of Uskayaw.
   386 | D        | Found a stormy altar of Qazlal.
   386 | D        | Found a white marble altar of Elyvilon.
   386 | D        | Found a glowing golden altar of the Shining One.
   387 | D        | Found a corrupted altar of Lugonu.
   387 | D        | Found a radiant altar of Vehumet.
   390 | D        | Killed an oklob sapling priest
   390 | D        | Reached skill level 11 in Stealth
   390 | D        | Reached XP level 4. HP: 21/21 MP: 7/11
   394 | D        | Became a worshipper of Dithmenos the Shadowed
   503 | D        | Reached skill level 12 in Stealth
   503 | D        | Reached skill level 1 in Evocations
   503 | D        | Reached XP level 5. HP: 24/24 MP: 10/13
   817 | D        | Reached skill level 5 in Spellcasting
   818 | D        | Reached * piety under Dithmenos
   818 | D        | Reached skill level 13 in Stealth
   838 | D        | Found Ziaqoh's Book Shop.
   838 | D        | Found Pirivet's Antique Weapon Emporium.
   945 | D        | Noticed a burning bush
   945 | D        | Noticed a wandering mushroom
  1383 | D        | Reached skill level 14 in Stealth
  1953 | D        | Noticed a queen bee
  1960 | D        | Killed a queen bee
  1960 | D        | Reached ** piety under Dithmenos
  1960 | D        | Reached skill level 16 in Stealth
  1960 | D        | Reached skill level 5 in Evocations
  1960 | D        | Reached XP level 6. HP: 28/28 MP: 14/16
  1961 | D        | Reached XP level 7. HP: 32/32 MP: 14/17
  1962 | D        | Reached skill level 17 in Stealth
  1965 | D        | Reached *** piety under Dithmenos
  2296 | D        | Noticed an oklob plant
  2299 | D        | Killed an oklob plant
  2299 | D        | Reached skill level 19 in Stealth
  2299 | D        | Reached XP level 8. HP: 36/36 MP: 15/18
  2309 | D        | Noticed a burning bush
  2311 | D        | Killed a burning bush
  2311 | D        | Reached skill level 20 in Stealth
  2311 | D        | Reached skill level 10 in Hexes
  2674 | D        | Noticed a burning bush
  2674 | D        | Noticed an oklob plant
  2675 | D        | Noticed a wandering mushroom
  2676 | D        | Killed a burning bush
  2678 | D        | Killed an oklob plant
  2678 | D        | Reached skill level 21 in Stealth
  2681 | D        | Killed a wandering mushroom
  2681 | D        | Reached **** piety under Dithmenos
  2681 | D        | Reached skill level 22 in Stealth
  2681 | D        | Reached XP level 9. HP: 40/40 MP: 9/20
  3171 | D        | Noticed a spriggan druid
  3172 | D        | Killed a spriggan druid
  3172 | D        | Reached skill level 23 in Stealth
  3172 | D        | Reached skill level 10 in Evocations
  3397 | D        | Noticed an oklob plant conjurer
  3398 | D        | Killed an oklob plant conjurer
  3398 | D        | Reached skill level 24 in Stealth
  3398 | D        | Reached skill level 1 in Invocations
  3772 | D        | Noticed an oklob plant
  3772 | D        | Noticed an oklob plant summoner
  3773 | D        | Noticed an oklob plant shifter
  3775 | D        | Killed an oklob plant
  3777 | D        | Killed an oklob plant summoner
  3779 | D        | Killed an oklob plant shifter
  3779 | D        | Reached skill level 25 in Stealth
  3785 | D        | Noticed a demonic crawler
  3787 | D        | Killed a demonic crawler
  3787 | D        | Reached XP level 10. HP: 44/44 MP: 8/21
  3789 | D        | Noticed a spriggan rider
  3790 | D        | Found Washiat's Assorted Antiques.
  3791 | D        | Found Jiduufirig's Antique Weapon Shoppe.
  3795 | D        | Killed a spriggan rider
  3795 | D        | Reached ***** piety under Dithmenos
  3795 | D        | Reached skill level 26 in Stealth
  3826 | D        | Bought a faintly glowing dagger for 168 gold pieces
  3826 | D        | Identified the +12 dagger of the Asp {flame, +Fly} (You bought it in a shop in the Dungeon)
  3994 | D        | Identified the Almanac of Transformation
  4004 | D        | Learned a level 3 spell: Dazzling Spray
  4033 | D        | Noticed Agnes
  4035 | D        | Found Vuklum's Assorted Antiques.
  4035 | D        | Found Waegoss's Jewellery Shoppe.
  4037 | D        | Killed Agnes
  4037 | D        | Reached skill level 1 in Fighting
  4037 | D        | Reached skill level 27 in Stealth
  4052 | D        | Noticed a spriggan defender
  4056 | D        | Killed a spriggan defender
  4056 | D        | Reached skill level 5 in Short Blades
  4056 | D        | Reached skill level 5 in Invocations
  4056 | D        | Reached skill level 15 in Evocations
  4059 | D        | Got a translucent fustibalus
  4060 | D        | Identified the cursed +1 fustibalus "Zabuvap" {venom, SInv Stlth+} (You found it in the Dungeon)
  4077 | D        | Noticed a spriggan berserker
  4080 | D        | Killed a spriggan berserker
  4080 | D        | Reached XP level 11. HP: 49/49 MP: 14/24
  4083 | D        | Noticed a spriggan rider
  4309 | D        | Found Mioderr's Food Shoppe.
  4310 | D        | Found Feteps's Jewellery Emporium.
  4337 | D        | Mangled by a spriggan rider

Vault maps used:
D:        dungeon_sprint_fedhas

Skill      XL: |  1  2  3  4  5  6  7  8  9 10 11 |
---------------+----------------------------------+-----
Stealth        | 6 8 11 12 16 19 22 25 27 | 27.0
Spellcasting   | 3 4 6 |  6.7
Hexes          | 4 5 7 9 10 | 10.2
Short Blades   | 2 3 5 |  5.6
Evocations     | 1 5 7 9 11 16 | 16.7
Invocations    | 1 5 6 |  6.1
Fighting       | 1 |  1.6
Dodging        | |  3.0

Action                   |  1- 3 |  4- 6 |  7- 9 | 10-12 || total
-------------------------+-------+-------+-------+-------++-------
Melee: Dagger            |     7 |     9 |    34 |    10 ||    60
 Cast: Confuse           |       |       |       |     4 ||     4
Invok: Shadow Step       |       |       |     6 |     5 ||    11
 Abil: Evoke Invisibilit |     1 |     4 |     5 |     2 ||    12
  Use: Potion            |     2 |       |       |     1 ||     3
       Scroll            |       |       |       |     1 ||     1
 Stab: Sleeping          |     3 |     6 |    16 |    10 ||    35
       Invisible         |       |     1 |       |       ||     1
  Eat: Ration            |       |       |     2 |     1 ||     3
Armor: Robe              |     1 |       |       |       ||     1
Dodge: Dodged            |     3 |     1 |       |     2 ||     6

Table legend:
 A = Spawn XP
 B = Non-spawn XP
 C = Spawn XP percentage of total XP
 D = Spawn monster count
 E = Non-spawn monster count
 F = Spawn count percentage of total count
 G = Total turns spent on level
                    A         B        C        D         E        F      G
               +---------+---------+-------+---------+---------+-------+---------
         Total |       0 |   12792 |   0.0 |       0 |      38 |   0.0 |  4337
               +---------+---------+-------+---------+---------+-------+---------
             D |       0 |   12792 |   0.0 |       0 |      38 |   0.0 |  4337
               +---------+---------+-------+---------+---------+-------+---------
